Map: Triton LE

Players

HeroMarine

  • Race: Terran Terran
  • League: Master
  • Spawn Location: 5:00

GOReynor (Reynor) - Winner!

  • Race: Zerg Zerg
  • League: Master
  • Spawn Location: 11:00

Event: HomeStory Cup XX

VOD

Have the link to the VOD?

Description

Time

  • Played on: Nov. 21, 2019, 4:37 p.m.
  • Length: 11:07

All games in this series

Show
View Real Time Build Order
Export as new Build Order

HeroMarine Terran 

Build Orders: Hellion Opening, Reaper Expand, Mech 

Get SALT Encoding   

  12  0:00  SCV  
  13  0:12  SCV  
  14  0:16  Supply Depot  
  14  0:24  SCV  
  15  0:38  SCV  
  15  0:39  Barracks  
  16  0:43  Refinery  
  16  0:50  SCV  
  17  1:02  SCV  
  18  1:14  SCV  
  19  1:26  Reaper  
  19  1:27  Orbital Command  
  20  1:38  Command Center  
  20  1:48  Supply Depot  
  20  1:52  SCV  
  21  1:58  Marine  
  22  2:04  SCV  
  23  2:08  Factory  
  23  2:12  Refinery  
  23  2:16  SCV  
  23  2:22  Barracks Reactor  
  24  2:28  SCV  
  25  2:40  SCV  
  26  2:51  Orbital Command  
  26  2:52  SCV  
  26  2:54  Starport  
  27  3:02  Hellion  
  27  3:03  Hellion  
  27  3:05  SCV  
  32  3:08  Barracks Tech Lab  
  32  3:17  SCV x2  
  34  3:24  Hellion x2  
  34  3:25  Supply Depot  
  38  3:29  SCV x2  
  40  3:36  Viking  
  40  3:41  SCV x2  
  43  3:45  Hellion  
  43  3:47  Hellion, Supply Depot  
  48  3:53  SCV  
  48  3:54  SCV  
  50  4:05  SCV  
  50  4:06  SCV, Raven  
  50  4:09  Hellion x2  
  55  4:17  SCV  
  55  4:18  SCV  
  55  4:28  Command Center  
  55  4:29  SCV  
  55  4:30  SCV  
  55  4:31  Hellion x2  
  61  4:37  Supply Depot  
  61  4:41  SCV  
  62  4:50  Factory  
  62  4:51  Factory  
  62  4:58  Refinery  
  62  4:59  SCV  
  67  5:00  Refinery  
  67  5:02  Supply Depot  
  67  5:03  SCV  
  68  5:08  Banshee  
  68  5:12  SCV  
  68  5:14  Bunker  
  66  5:15  SCV  
  66  5:19  Factory Tech Lab  
  66  5:21  Marine x2  
  67  5:24  SCV  
  67  5:27  SCV  
  69  5:36  Hellion  
  69  5:37  Siege Tank  
  69  5:39  Factory Tech Lab  
  69  5:40  Orbital Command, SCV x2  
  78  5:45  Supply Depot  
  78  5:47  Supply Depot  
  78  5:51  Banshee  
  78  5:53  SCV x2  
  77  6:05  SCV x2  
  77  6:07  Siege Tank  
  77  6:08  SCV  
  77  6:09  Siege Tank  
  75  6:17  SCV x2  
  73  6:28  Orbital Command, Command Center  
  73  6:29  SCV x2  
  74  6:34  Hellion x2  
  74  6:38  Refinery  
  74  6:39  Cyclone  
  81  6:40  Refinery  
  81  6:41  SCV x2  
  81  6:42  Cyclone  
  81  6:45  Supply Depot  
  81  6:47  Supply Depot  
  86  6:51  Armory  
  86  6:52  Armory  
  86  6:53  SCV x2  
  88  6:58  SCV  
  88  6:59  Supply Depot  
  89  7:05  SCV x2  
  91  7:10  SCV  
  91  7:11  Factory  
  91  7:12  Siege Tank  
  91  7:13  Factory  
  95  7:17  SCV x2  
  95  7:20  Hellion x2  
  95  7:22  Siege Tank, SCV  
  105  7:28  Supply Depot  
  105  7:29  SCV  
  106  7:31  Supply Depot  
  106  7:37  SCV x2  
  106  7:41  SCV  
  106  7:43  Hellion x2  
  113  7:49  Engineering Bay  
  113  7:50  Supply Depot  
  114  7:52  Terran Vehicle And Ship Armor Level 1, Terran Vehicle Weapons Level 1  
  114  7:55  Siege Tank x2  
  114  7:56  Orbital Command  
  114  7:57  Factory Reactor  
  114  7:58  Factory Tech Lab  
  119  8:05  Hellion x2  
  123  8:14  Supply Depot  
  123  8:16  Supply Depot  
  123  8:20  Banshee  
  123  8:21  Siege Tank  
  123  8:26  Infernal Pre-Igniter  
  132  8:27  Siege Tank  
  132  8:30  Hellion x2  
  126  8:36  Hellion  
  126  8:38  Siege Tank  
  126  8:39  Hellion  
  133  8:45  SCV x4  
  137  8:51  Hellion  
  137  8:52  Hellion  
  137  8:53  Siege Tank  
  144  8:57  SCV x3  
  144  8:58  Hellion  
  144  8:59  Hellion, Hyperflight Rotors  
  144  9:02  Hellion  
  153  9:03  Banshee  
  153  9:04  Hellion x5  
  153  9:07  Mag-Field Accelerator  
  156  9:12  Hellion  
  129  9:18  Hellion x2  
  129  9:20  Cyclone  
  136  9:25  Cyclone  
  136  9:27  Hellion x2  
  143  9:33  Hellion  
  145  9:39  Hellion x2  
  149  9:45  Banshee  
  149  9:49  Hellion  
  154  9:54  Hellion  
  154  9:55  Hellion  
  153  10:09  Cyclone x2  
  153  10:10  Hellion  
  139  10:15  Hellion  
  139  10:16  Cyclone  
  139  10:23  Hellion  
  139  10:27  Hellion  
  119  10:42  Hellion x2  
Show
View Real Time Build Order
Export as new Build Order

GOReynor Zerg - Winner!

Build Orders: Hatch First, Swarm Host 

Get SALT Encoding   

  12  0:00  Drone  
  13  0:13  Overlord  
  13  0:17  Drone  
  14  0:31  Drone x2  
  16  0:48  Hatchery  
  15  0:52  Drone  
  15  0:55  Drone  
  17  0:58  Drone  
  18  1:09  Extractor  
  17  1:14  Spawning Pool  
  17  1:16  Drone  
  17  1:20  Drone  
  18  1:28  Drone  
  19  1:39  Drone  
  20  1:49  Overlord  
  20  2:00  Queen x2  
  24  2:01  Zergling x4  
  26  2:11  Drone  
  26  2:12  Drone  
  28  2:22  Drone x2  
  30  2:29  Hatchery  
  29  2:33  Drone x2  
  31  2:48  Drone, Overlord  
  31  2:49  Metabolic Boost  
  32  2:52  Queen  
  32  2:55  Drone  
  32  2:57  Drone  
  36  3:10  Drone x4  
  36  3:11  Drone  
  41  3:17  Overlord  
  41  3:19  Drone  
  42  3:26  Drone  
  43  3:30  Drone  
  44  3:34  Queen  
  44  3:35  Roach Warren  
  44  3:37  Drone  
  46  3:43  Zergling x4  
  46  3:47  Queen  
  51  3:48  Drone x4  
  51  3:54  Overlord  
  54  3:58  Zergling x2  
  54  3:59  Drone  
  54  4:01  Overlord  
  56  4:07  Zergling x4  
  58  4:12  Overlord  
  58  4:14  Zergling x2  
  58  4:15  Zergling x6  
  58  4:16  Overlord  
  59  4:20  Spore Crawler  
  59  4:21  Spore Crawler  
  54  4:27  Roach  
  54  4:28  Roach x3  
  64  4:33  Roach  
  64  4:34  Queen  
  64  4:36  Roach  
  64  4:37  Roach  
  72  4:42  Queen  
  72  4:43  Drone  
  75  4:46  Drone x3  
  75  4:48  Overlord  
  78  4:56  Zergling x4  
  78  4:57  Zergling x2  
  80  5:00  Overlord  
  80  5:02  Zergling x2  
  80  5:04  Overlord  
  81  5:09  Drone x2  
  81  5:10  Drone x3  
  81  5:12  Drone x2  
  88  5:15  Lair  
  88  5:18  Roach  
  90  5:22  Extractor  
  90  5:23  Extractor  
  90  5:26  Zergling x4, Ravager  
  90  5:27  Zergling x6  
  94  5:28  Drone  
  94  5:33  Overlord  
  95  5:38  Drone x3  
  95  5:39  Drone x2  
  95  5:42  Overlord  
  100  5:43  Drone x2  
  100  5:47  Drone x2  
  104  5:51  Extractor  
  104  5:52  Extractor  
  104  5:53  Ravager  
  104  5:54  Overlord  
  103  5:58  Drone x4  
  104  6:06  Overlord  
  104  6:08  Drone x4  
  104  6:10  Drone  
  93  6:15  Drone x2  
  93  6:16  Glial Reconstitution  
  93  6:17  Extractor  
  87  6:23  Drone x7  
  94  6:29  Evolution Chamber x2  
  94  6:32  Hatchery, Infestation Pit  
  90  6:33  Roach x2  
  90  6:35  Roach  
  94  6:45  Overlord  
  94  6:51  Roach x3  
  94  6:52  Overlord  
  100  6:54  Spore Crawler  
  100  6:55  Drone  
  100  7:03  Overlord  
  100  7:06  Zerg Missile Weapons Level 1, Zerg Ground Armor Level 1  
  100  7:13  Swarm Host x4  
  112  7:19  Drone  
  112  7:20  Drone x10  
  112  7:21  Extractor  
  112  7:22  Extractor, Spore Crawler  
  121  7:26  Swarm Host  
  122  7:31  Swarm Host x2  
  122  7:35  Overlord  
  128  7:43  Swarm Host x4  
  140  7:47  Spore Crawler, Roach x2  
  140  7:48  Queen, Spine Crawler  
  140  7:49  Drone  
  145  7:53  Zergling x2, Roach x2  
  145  7:54  Zergling x2  
  145  7:58  Swarm Host, Baneling Nest  
  151  8:03  Roach x2  
  157  8:06  Roach x2  
  157  8:09  Roach x2  
  165  8:14  Overlord  
  165  8:17  Roach x2  
  169  8:21  Ravager x3  
  168  8:28  Roach x5  
  172  8:36  Zergling x16  
  172  8:39  Ravager x3  
  172  8:41  Zergling x2  
  184  8:45  Centrifical Hooks  
  184  8:47  Overlord x2  
  184  8:54  Overseer x2, Pneumatized Carapace  
  184  8:59  Overlord  
  184  9:00  Zerg Melee Weapons Level 1  
  184  9:05  Overlord  
  184  9:13  Zergling x2, Roach x12  
  184  9:15  Roach  
  180  9:25  Roach x5  
  180  9:27  Ravager x3  
  180  9:28  Roach x2  
  197  9:33  Ravager x2  
  197  9:37  Zergling x2  
  200  9:48  Hatchery  
  199  9:59  Hydralisk Den  
  183  10:08  Zergling x2  
  183  10:09  Zergling x30  
  183  10:11  Zergling x2, Roach x3  
  192  10:15  Zergling x2, Roach x3  
  191  10:22  Roach x4  
  191  10:25  Zergling x2, Roach  
  191  10:27  Zergling x4  
  194  10:32  Roach  
  194  10:33  Roach  
  192  10:41  Hydralisk x2  
  192  10:42  Hydralisk  
  200  10:50  Baneling x8  
Tags
 
Add a new tag
Caveats
  • Supply blocks, unpowered buildings, or Contaminate may cause inaccurate times.
  • Supply counts are checked every 10 seconds.